 Dungeon Crawl Stone Soup version 0.21.0 (webtiles) character file.

20830 MDvedh the Grappler (level 12, -2/119 HPs)
             Began as a Troll Monk on Jan 7, 2018.
             Was a High Priest of Nemelex Xobeh.
             Slain by an elephant (17 damage)
             ... on level 5 of the Lair of Beasts.
             The game lasted 00:22:25 (10901 turns).

MDvedh the Grappler (Troll Monk)                   Turns: 10901, Time: 00:22:25

Health: -2/119     AC:  8    Str: 31    XL:     12   Next: 48%
Magic:  19/19      EV: 13    Int:  6    God:    Nemelex Xobeh [*****.]
Gold:   539        SH:  0    Dex: 12    Spells: 8/11 levels left

rFire    . . .     SeeInvis .     - Unarmed
rCold    . . .     Gourm    +   (no shield)
rNeg     + . .     Faith    .   q - +2 robe {rN+}
rPois    +         Spirit   .   l - +1 hat
rElec    .         Reflect  .   K - scarf {cloud immunity}
rCorr    .         Harm     .   (gloves unavailable)
MR       .....                  (boots unavailable)
Stlth    ++........             c - amulet of magic regeneration
HPRegen  0.69/turn              Y - +5 ring of strength
MPRegen  0.41/turn              x - ring of poison resistance

@: about to teleport
A: large, unfitting armour, claws 3, fast metabolism 3, gourmand, regeneration
1, shaggy fur 1, tough skin 2
a: Triple Draw, Deal Four, Stack Five, Renounce Religion


You were on level 5 of the Lair of Beasts.
You worshipped Nemelex Xobeh.
Nemelex Xobeh was extremely pleased with you.
You were hungry.

You visited 2 branches of the dungeon, and saw 15 of its levels.
You also visited: Volcano.

You collected 1148 gold pieces.
You spent 609 gold pieces at shops.

Inventory:

Hand Weapons
 m - a +1 scimitar of flaming
Armour
 l - a +1 hat (worn)
 q - a +2 robe of positive energy (worn)
 K - a scarf of cloud immunity (worn)
Jewellery
 c - an amulet of magic regeneration (around neck)
 j - an uncursed ring of protection from magic
 k - an uncursed ring of magical power
 x - a ring of poison resistance (right claw)
 Y - a +5 ring of strength (left claw)
Wands
 y - a wand of iceblast (2)
 D - a wand of polymorph (4)
 G - a wand of clouds (8)
 H - a wand of disintegration (11)
 S - a wand of acid (9)
 U - a wand of paralysis (6)
 Z - a wand of digging (14)
Scrolls
 a - 3 scrolls of amnesia
 f - 9 scrolls of teleportation
 g - 3 scrolls of immolation
 p - 4 scrolls of magic mapping
 v - a scroll of fog
 w - 6 scrolls of remove curse
 F - 3 scrolls of identify
 M - 3 scrolls of enchant weapon
 P - 2 scrolls of enchant armour
Potions
 d - 2 potions of heal wounds
 e - 4 potions of magic
 h - 10 potions of curing
 i - a potion of resistance
 n - a potion of might
 t - 2 potions of brilliance
 z - 3 potions of haste
 C - a potion of agility
 E - a potion of flight {unknown}
 L - a potion of cancellation {unknown}
 W - a potion of invisibility {unknown}
 X - 2 potions of lignification
Books
 J - a book of Minor Magic

   Spells                             Type                      Level
   a - Magic Dart                     Conjuration                  1
   b - Blink                          Translocation                2
   c - Call Imp                       Summoning                    2
   d - Slow                           Hexes                        2
   e - Conjure Flame                  Conjuration/Fire             3
   f - Mephitic Cloud                 Conjuration/Poison/Air       3
Miscellaneous
 o - an ornate deck of escape
 s - a plain deck of destruction {drawn: 5}
 u - a legendary deck of summoning {drawn: 1}
 A - a legendary deck of summoning
 B - an ornate deck of destruction
 I - a plain deck of summoning {drawn: 6}
 N - a lamp of fire
 O - an ornate deck of summoning
 Q - a plain deck of summoning
 R - a legendary deck of escape {the Tomb, left: 3}
 T - a legendary deck of escape
 V - an ornate deck of destruction
Comestibles
 b - 27 rations


   Skills:
 + Level 7.7 Fighting
 + Level 7.7 Dodging
 - Level 1.0 Stealth
 * Level 12.4 Unarmed Combat
 * Level 11.0 Invocations


You had 8 spell levels left.
You knew the following spells:

 Your Spells              Type           Power        Failure   Level  Hunger
a - Ozocubu's Armour      Chrm/Ice       #.......     83%         3    ####...


Dungeon Overview and Level Annotations

Branches:
Dungeon (10/15)            Temple (0/1) D:4            Lair (5/6) D:9
  Swamp (0/4) Lair:3       Spider (0/4) Lair:3
  Slime: Lair:5-6       Orc: D:9-12

Altars:
Ashenzari
Elyvilon
Nemelex Xobeh
Qazlal

Shops:
D:4 =   D:10 }


Innate Abilities, Weirdness & Mutations

You are too large for most types of armour.
You have claws for hands.
Your metabolism is lightning-fast.
You like to eat raw meat.
Your natural rate of healing is unusually fast.
You are covered in fur. (AC +1)
You have very tough skin. (AC +2)


Message History

The elephant tramples you!
You hold your ground!
The elephant barely misses you. The elephant tramples you!
* * * LOW HITPOINT WARNING * * *
You hold your ground!
The elephant trunk-slaps you but does no damage.
Unknown command.
As you read the scroll of teleportation, it crumbles to dust.
You feel strangely unstable. The wolf bites you.
* * * LOW HITPOINT WARNING * * *
The wolf bites you.
* * * LOW HITPOINT WARNING * * *
The elephant tramples you!
* * * LOW HITPOINT WARNING * * *
You hold your ground!
The elephant trunk-slaps you but does no damage.
The elephant misses you.
The elephant trunk-slaps you but does no damage.
The elephant tramples you!
You die...
Your body glows with a rainbow of weird colours and disappears.

#... #... ##.. ###...
#.#... # #.... #####.
####..#. .PP.§§#####
#.......
...P§YY@#.#########..P..
....§§YhY§##...####.....
.....§§Y§P#.....##..#...
......§§§.......##...#..
..........#####.....#.##
.........## #...>...#
........## ##.....###
......... ####....###
......... #..........


You could see 5 elephants and a wolf.

Vanquished Creatures
  Nergalle (Lair:1)
  2 black mambas
  Joseph (D:9)
  An elephant (Lair:5)
  3 spiny frogs
  2 komodo dragons
  2 jumping spiders (Lair:3)
  A tyrant leech (Lair:4)
  A hornet (D:8)
  5 hippogriffs
  10 yaks
  3 wyverns
  2 basilisks (Lair:4)
  A hungry ghost (D:7)
  Edmund (D:4)
  7 porcupines
  14 water moccasins
  2 sky beasts
  A black bear (D:10)
  4 ogres
  2 ice beasts
  An eye of draining (D:9)
  3 wolves (D:8)
  2 crocodiles
  3 centaurs
  6 bullfrogs
  A wyvern zombie (D:6)
  3 scorpions
  2 killer bees (D:8)
  3 wights (D:8)
  An electric eel (Lair:4)
  3 centaur zombies
  3 crimson imps
  A bullfrog zombie (D:5)
  A centaur skeleton (D:9)
  6 hounds
  4 jellies
  An orc wizard (D:5)
  3 iguanas
  6 worker ants
  A hound zombie (D:9)
  Robin (D:3)
  13 gnolls
  A howler monkey skeleton (D:6)
  5 adders
  An ooze (D:2)
  2 adder zombies
  2 adder skeletons
  4 worms
  2 leopard geckos
  9 orcs
  6 giant cockroaches
  5 hobgoblins
  3 jackals (D:4)
  7 quokkas
  2 ball pythons
  5 bats
  5 frilled lizards
  8 goblins
  4 kobolds
  A quokka skeleton (D:4)
  3 rats
  A fungus (Lair:3)
210 creatures vanquished.

Vanquished Creatures (collateral kills)
  Gastronok (D:8)
  3 hydras (Lair:2)
  Erolcha (D:9)
  2 two-headed ogres (D:10)
  4 death yaks (Lair:5)
  A sea snake (D:6)
  A spiny frog (Lair:4)
  A rime drake (Lair:4)
  Grinder (D:6)
  A hippogriff (Lair:3)
  Sigmund (D:3)
  A redback (Lair:3)
  8 yaks
  Grum (D:8)
  A sky beast (D:6)
  The ghost of CcS the Chopper, an amateur MiBe of Trog (D:3)
  A phantom (D:8)
  A wolf (D:8)
  A crocodile (Lair:3)
  2 wights (D:8)
  A killer bee (D:8)
  2 worker ants
  A dart slug (D:3)
  An orc (D:3)
  5 goblins (D:3)
  3 hobgoblins (D:3)
  A frilled lizard (D:3)
  A rat (D:3)
  A fungus (Lair:5)
50 creatures vanquished.

Vanquished Creatures (others)
  Erica (D:8)
  A worker ant (D:4)
  A ball lightning (D:4)
  3 orcs (D:4)
  4 fungi
  2 plants
12 creatures vanquished.

Grand Total: 272 creatures vanquished

Notes
Turn   | Place    | Note
-------+----------+-------------------------------------------
     0 | D:1      | MDvedh the Troll Monk began the quest for the Orb.
     0 | D:1      | Reached XP level 1. HP: 22/22 MP: 0/0
   458 | D:1      | Reached XP level 2. HP: 28/29 MP: 1/1
   829 | D:2      | Found a shattered altar of Ashenzari.
  1078 | D:2      | Reached XP level 3. HP: 36/36 MP: 2/2
  1209 | D:2      | Found a faded altar of an unknown god.
  1239 | D:2      | Became a worshipper of Nemelex Xobeh the Trickster
  1239 | D:2      | Received a gift from Nemelex Xobeh
  1239 | D:2      | Reached * piety under Nemelex Xobeh
  1239 | D:2      | Reached ** piety under Nemelex Xobeh
  1239 | D:2      | Received a gift from Nemelex Xobeh
  1418 | D:3      | Noticed CcS's ghost (amateur MiBe)
  1430 | D:3      | Killed CcS's ghost
  1430 | D:3      | Reached skill level 4 in Unarmed Combat
  1430 | D:3      | Reached skill level 1 in Invocations
  1430 | D:3      | Reached XP level 4. HP: 44/44 MP: 3/3
  1482 | D:3      | Reached XP level 5. HP: 26/53 MP: 3/5
  1585 | D:3      | Reached *** piety under Nemelex Xobeh
  1609 | D:3      | Noticed Sigmund
  1613 | D:3      | Noticed a wyvern
  1616 | D:3      | Killed Sigmund
  1684 | D:3      | Found a white marble altar of Elyvilon.
  1770 | D:3      | Noticed Robin
  1785 | D:3      | Killed Robin
  1947 | D:4      | Reached XP level 6. HP: 53/61 MP: 6/6
  2030 | D:4      | Received a gift from Nemelex Xobeh
  2056 | D:4      | Reached skill level 5 in Unarmed Combat
  2235 | D:4      | Noticed Edmund
  2247 | D:4      | Killed Edmund
  2247 | D:4      | Reached XP level 7. HP: 55/68 MP: 8/8
  2252 | D:4      | Found a staircase to the Ecumenical Temple.
  2285 | D:4      | Received a gift from Nemelex Xobeh
  2419 | D:4      | Found Ebeosaok's Jewellery Emporium.
  2422 | D:4      | Bought a cursed ring of teleportation for 49 gold pieces
  2456 | D:5      | Entered Level 5 of the Dungeon
  2625 | D:5      | Found a stormy altar of Qazlal.
  2735 | D:5      | Reached skill level 6 in Unarmed Combat
  2834 | D:5      | Reached **** piety under Nemelex Xobeh
  3037 | D:6      | Noticed a two-headed ogre
  3039 | D:6      | Noticed a sea snake
  3039 | D:6      | a two-headed ogre changed into a sea snake
  3056 | D:6      | Killed a sea snake
  3056 | D:6      | Reached XP level 8. HP: 9/78 MP: 10/10
  3227 | D:6      | Received a gift from Nemelex Xobeh
  3326 | D:6      | Reached skill level 7 in Unarmed Combat
  3326 | D:6      | Reached skill level 5 in Invocations
  3478 | D:6      | Noticed Grinder
  3495 | D:6      | Killed Grinder
  3939 | D:7      | Reached XP level 9. HP: 85/85 MP: 12/12
  4304 | D:7      | Reached skill level 8 in Unarmed Combat
  4309 | D:7      | Learned a level 3 spell: Ozocubu's Armour
  4348 | D:7      | Reached skill level 5 in Fighting
  4533 | D:8      | Received a gift from Nemelex Xobeh
  4534 | D:8      | Reached ***** piety under Nemelex Xobeh
  4565 | D:8      | Noticed Gastronok
  4582 | D:8      | Killed Gastronok
  4582 | D:8      | Reached skill level 5 in Dodging
  4582 | D:8      | Reached skill level 9 in Unarmed Combat
  4582 | D:8      | Reached XP level 10. HP: 56/96 MP: 7/14
  4653 | D:8      | Noticed Grum
  4665 | D:8      | Killed Grum
  4744 | D:8      | Noticed Erica
  4756 | D:8      | Noticed a smoke demon
  4760 | D:8      | Killed Erica
  5009 | D:8      | Received a gift from Nemelex Xobeh
  5543 | D:9      | Reached skill level 10 in Unarmed Combat
  5737 | D:9      | Noticed Joseph
  5746 | D:9      | Killed Joseph
  5797 | D:9      | Received a gift from Nemelex Xobeh
  5821 | D:9      | Noticed Erolcha
  5977 | D:9      | Found a staircase to the Lair.
  6153 | D:9      | Killed Erolcha
  6153 | D:9      | Reached XP level 11. HP: 106/106 MP: 16/16
  6169 | D:10     | Entered Level 10 of the Dungeon
  6404 | D:10     | Noticed a two-headed ogre
  6409 | D:10     | Noticed a two-headed ogre
  6411 | D:10     | Killed a two-headed ogre
  6414 | D:10     | Killed a two-headed ogre
  6613 | D:10     | Found Caxadgh's Gadget Boutique.
  6616 | D:10     | Bought a lamp of fire for 560 gold pieces
  6685 | Lair:1   | Entered Level 1 of the Lair of Beasts
  6760 | Lair:1   | Received a gift from Nemelex Xobeh
  6970 | Lair:1   | Noticed Nergalle
  6981 | Lair:1   | Killed Nergalle
  7018 | Lair:1   | Received a gift from Nemelex Xobeh
  7387 | Lair:1   | Received a gift from Nemelex Xobeh
  7808 | Lair:2   | Reached skill level 11 in Unarmed Combat
  7894 | Lair:2   | Noticed a four-headed hydra
  7900 | Lair:2   | Killed a four-headed hydra
  7969 | Lair:2   | Reached ****** piety under Nemelex Xobeh
  8093 | Lair:2   | Noticed a four-headed hydra
  8103 | Lair:2   | Killed a four-headed hydra
  8112 | Lair:2   | Received a gift from Nemelex Xobeh
  8344 | Lair:2   | Noticed a four-headed hydra
  8348 | Lair:2   | Killed a four-headed hydra
  8516 | Lair:3   | Reached skill level 10 in Invocations
  8618 | Lair:3   | Found a dark tunnel.
  8645 | Volcano  | Entered a volcano
  8765 | Lair:3   | Found a staircase to the Swamp.
  8786 | Lair:3   | Received a gift from Nemelex Xobeh
  9368 | Lair:3   | Reached XP level 12. HP: 93/118 MP: 18/18
  9496 | Lair:3   | Found a hole to the Spider Nest.
 10170 | Lair:4   | Reached skill level 12 in Unarmed Combat
 10294 | Lair:4   | Noticed a six-headed hydra
 10296 | Lair:4   | a six-headed hydra changed into a tyrant leech
 10563 | Lair:4   | Received a gift from Nemelex Xobeh
 10762 | Lair:5   | Received a gift from Nemelex Xobeh
 10791 | Lair:5   | Noticed a death yak
 10793 | Lair:5   | Noticed a death yak
 10794 | Lair:5   | Noticed a death yak
 10795 | Lair:5   | Killed a death yak
 10797 | Lair:5   | Noticed a death yak
 10798 | Lair:5   | Killed a death yak
 10801 | Lair:5   | Killed a death yak
 10803 | Lair:5   | Killed a death yak
 10901 | Lair:5   | Slain by an elephant

Skill      XL: |  1  2  3  4  5  6  7  8  9 10 11 12 |
---------------+-------------------------------------+-----
Unarmed Combat | 4 5 6 7 9 10 11 12 | 12.4
Invocations    | 1 2 3 4 5 7 8 10 11 | 11.0
Dodging        | 3 4 5 6 7 |  7.7
Fighting       | 3 4 5 6 7 |  7.7
Stealth        | |  1.0

Action                   |  1- 3 |  4- 6 |  7- 9 | 10-12 || total
-------------------------+-------+-------+-------+-------++-------
Melee: Unarmed           |    73 |   116 |   186 |   403 ||   778
       Punch             |       |     7 |     9 |    15 ||    31
Invok: Deal Four         |       |       |       |     2 ||     2
       Stack Five        |       |       |       |     1 ||     1
Evoke: Deck              |     1 |     4 |     5 |    26 ||    36
  Use: Scroll            |       |       |    17 |     7 ||    24
       Potion            |       |       |     2 |       ||     2
 Stab: Sleeping          |     2 |       |     2 |     5 ||     9
       Distracted        |     2 |       |     1 |     2 ||     5
  Eat: Chunk             |    19 |     4 |    21 |    46 ||    90
       Ration            |       |       |       |     3 ||     3
Armor: Robe              |    20 |    40 |    54 |   101 ||   215
Dodge: Dodged            |    41 |    76 |    84 |   232 ||   433
